 Dungeon Crawl Stone Soup version 0.20.0 (webtiles) character file.

67 MatthieuS the Grave Robber (level 4, 0/35 (36) HPs)
             Began as a Ghoul Necromancer on June 6, 2017.
             Slain by Grinder (1 damage)
             ... while paralysed by Grinder
             ... on level 2 of the Dungeon.
             The game lasted 00:08:20 (2371 turns).

MatthieuS the Grave Robber (Ghoul Necromancer)      Turns: 2371, Time: 00:08:20

HP:   0/35 (36)     AC:  9    Str: 11    XL:     4   Next: 18%
MP:   0/5           EV:  2    Int: 11    God:
Gold: 139           SH:  0    Dex:  9    Spells: 2/6 levels left

rFire    . . .     SeeInvis .     - Unarmed
rCold    + . .     Gourm    .   (no shield)
rNeg     + + +     Faith    .   o - +0 leather armour
rPois    ∞         Spirit   +   q - +2 helmet
rElec    .         Reflect  .   r - +1 cloak {+Inv}
rCorr    .         Harm     .   (no gloves)
MR       .....                  d - +0 pair of boots
Stlth    +.........             m - amulet of guardian spirit
Regen    0.0/turn               (no ring)
MPRegen  0.1/turn               (no ring)

@: paralysed, rotting
A: rotting body, claws 1, carnivore 3, cold resistance 1, negative energy
resistance 3, inhibited regeneration, torment resistance, unbreathing
a: Evoke Invisibility


You were on level 2 of the Dungeon.
You were not hungry.

You visited 1 branch of the dungeon, and saw 3 of its levels.

You collected 139 gold pieces.

Inventory:

Hand Weapons
 h - a +0 hunting sling
Missiles
 f - 51 stones (quivered)
 i - 9 sling bullets
 k - 8 tomahawks
Armour
 a - a +0 robe
 d - a +0 pair of boots (worn)
 o - a +0 leather armour (worn)
 q - a +2 helmet (worn)
 r - a +1 cloak of invisibility (worn)
Jewellery
 m - an amulet of guardian spirit (around neck)
Scrolls
 e - 2 scrolls of remove curse
 g - a scroll of magic mapping
 j - 2 scrolls of recharging
 n - a scroll of teleportation {unknown}
Potions
 p - 2 potions of cancellation
Books
 b - a book of Necromancy

   Spells                             Type                      Level
   a - Pain                           Necromancy                   1
   b - Animate Skeleton               Necromancy                   1
   c - Vampiric Draining              Necromancy                   3
   d - Regeneration                   Charms/Necromancy            3
   e - Animate Dead                   Necromancy                   4
   f - Control Undead                 Necromancy                   4
Comestibles
 c - 2 meat rations
 l - a chunk of flesh


   Skills:
 + Level 2.1 Fighting
 + Level 1.7 Dodging
 + Level 2.1 Stealth
 + Level 3.1 Unarmed Combat
 + Level 1.7 Spellcasting
 + Level 4.0 Necromancy


You had 2 spell levels left.
You knew the following spells:

 Your Spells              Type           Power        Failure   Level  Hunger
a - Pain                  Necr           #...         8%          1    ##.....
b - Vampiric Draining     Necr           #.........   22%         3    ####...


Dungeon Overview and Level Annotations

Branches:
Dungeon (3/15)

Altars:

Annotations:
D:2 Grinder


Innate Abilities, Weirdness & Mutations

Your body is rotting away.
You thrive on raw meat.
You are immune to poison.
You have sharp fingernails.
You are carnivorous and can eat meat at any time.
Your flesh is cold resistant. (rC+)
You are immune to negative energy. (rN+++)
You do not regenerate when monsters are visible.
You are immune to unholy pain and torment.
You can survive without breathing.


Message History

Grinder is severely wounded.
Grinder hits you but does no damage.
You scratch Grinder but do no damage.
Grinder is severely wounded.
Grinder hits you but does no damage.
You closely miss Grinder.
Grinder is severely wounded.
Grinder closely misses you.
Casting: Pain
Confirm with . or Enter, or press ? or * to list all spells.
You don't have enough magic to cast that spell.
You scratch Grinder.
Grinder is severely wounded.
You scratch Grinder but do no damage.
Grinder is severely wounded.
Grinder says, "My boss said I was rubbish.
His entrails said otherwise."
Grinder gestures at you.
You suddenly lose the ability to move!
Grinder hits you.
You die...

###..## #.......#
#.....#%# ##.#.##
#.......# #.......#
#.###.# #.......#
##.###### ###.#.###
#.......# #.# #.§.....#
#.......# #.#
#.##.##.########### #.#
#.##....)..# #.#
#.###.#.##.# #########.#
#.###.#.##.###@........#
#............5.#########
#####.####.#####
#.####.# #..§...#
########


You could see Grinder.

Vanquished Creatures
  2 adders (D:2)
  3 dart slugs
  A ball python (D:2)
  3 bats
  2 giant cockroaches (D:2)
  10 goblins
  A hobgoblin (D:2)
  3 jackals (D:1)
  5 frilled lizards
  8 kobolds
  4 rats
42 creatures vanquished.

Vanquished Creatures (others)
  A ball python (D:1)
1 creature vanquished.

Grand Total: 43 creatures vanquished

Notes
Turn   | Place    | Note
-------+----------+-------------------------------------------
     0 | D:1      | MatthieuS the Ghoul Necromancer began the quest for the Orb.
     0 | D:1      | Reached XP level 1. HP: 14/14 MP: 2/2
   345 | D:1      | Reached skill level 1 in Fighting
   395 | D:1      | Reached skill level 1 in Unarmed Combat
   395 | D:1      | Reached XP level 2. HP: 23/23 MP: 0/3
  1163 | D:1      | Reached XP level 3. HP: 29/29 MP: 4/4
  1365 | D:2      | Learned a level 3 spell: Vampiric Draining
  1731 | D:2      | Reached XP level 4. HP: 25/36 MP: 0/5
  2279 | D:3      | Noticed Grinder
  2304 | D:3      | Paralysed by Grinder for 4 turns
  2313 | D:3      | Paralysed by Grinder for 4 turns
  2328 | D:3      | Paralysed by Grinder for 4 turns
  2365 | D:2      | HP: 1/35 [Grinder (3)]
  2370 | D:2      | Paralysed by Grinder for 3 turns
  2371 | D:2      | Slain by Grinder

Skill      XL: |  1  2  3  4 |
---------------+-------------+-----
Fighting       | 1 2 |  2.1
Unarmed Combat | 1 2 3 |  3.1
Dodging        | |  1.7
Stealth        | |  2.1
Spellcasting   | |  1.7
Necromancy     | |  4.0

Action                   |  1- 3 |  4- 6 || total
-------------------------+-------+-------++-------
Melee: Unarmed           |    22 |    26 ||    48
 Fire: Hunting sling     |    53 |    22 ||    75
 Cast: Pain              |    34 |     5 ||    39
       Vampiric Draining |     1 |       ||     1
  Use: Scroll            |     1 |     4 ||     5
  Eat: Chunk             |     6 |     2 ||     8
Armor: Robe              |    17 |       ||    17
       Leather armour    |       |    17 ||    17
Dodge: Dodged            |    31 |    12 ||    43
